 Dungeon Crawl Stone Soup version 0.25.1-2-g60ff931df9 (webtiles) character file.

Game seed: 11501798514752091149

131 H0rd4k the Insei (level 5, -4/33 HPs)
             Began as an Octopode Transmuter on July 29, 2020.
             Killed from afar by an orc wizard (5 damage)
             ... with a puff of flame
             ... on level 3 of the Dungeon.
             The game lasted 00:02:49 (2501 turns).

H0rd4k the Insei (Octopode Transmuter)              Turns: 2501, Time: 00:02:50

Health: -4/33      AC:  1    Str:  9    XL:     5   Next: 14%
Magic:  8/8        EV: 13    Int: 16    God:
Gold:   127        SH:  0    Dex: 13    Spells: 3/9 levels left

rFire    . . .     SeeInvis .     - Unarmed
rCold    . . .     Gourm    .   (no shield)
rNeg     . . .     Faith    .   (helmet restricted)
rPois    .         Spirit   .   (no amulet)
rElec    .         Reflect  .   (no ring)
rCorr    .         Harm     .   (no ring)
MR       .....                  (no ring)
Stlth    +++.......             (no ring)
HPRegen  0.11/turn              (no ring)
MPRegen  0.11/turn              (no ring)
                                (no ring)
                                (no ring)

@: no status effects
A: almost no armour, stealthy swim, amphibious, 8 rings, constrict 8, camouflage
1, gelatinous body 1
a: no special abilities


You were on level 3 of the Dungeon.
You were not hungry.

You visited 1 branch of the dungeon, and saw 3 of its levels.

You collected 127 gold pieces.

Inventory:

Missiles
 a - 22 arrows
 k - 12 boomerangs (quivered)
 p - 14 poisoned darts
Jewellery
 l - an uncursed ring of poison resistance {unknown}
 o - an uncursed amulet of faith {unknown}
Scrolls
 d - 4 scrolls of identify {unknown}
 e - 2 scrolls of fear {unknown}
 h - 3 scrolls of teleportation {unknown}
 i - 2 scrolls of enchant armour {unknown}
 m - a scroll of noise {unknown}
 n - a scroll of immolation {unknown}
 r - a scroll of magic mapping {unknown}
Potions
 b - a potion of stabbing {unknown}
 f - a potion of curing {unknown}
 g - a potion of heal wounds {unknown}
 j - a potion of mutation {unknown}
 q - a potion of might {unknown}
Comestibles
 c - 2 rations
 s - a chunk of flesh


   Skills:
 + Level 1.3 Fighting
 + Level 2.3 Dodging
 + Level 2.2 Stealth
 + Level 3.9 Unarmed Combat
 * Level 2.6 Spellcasting
 * Level 3.1 Transmutations


You had 3 spell levels left.
You knew the following spells:

 Your Spells              Type           Power        Failure   Level  Hunger
a - Beastly Appendage     Tmut           ##....       5%          1    #......
b - Sticks to Snakes      Tmut           ##......     8%          2    ##.....
c - Spider Form           Tmut/Pois      #.........   30%         3    ###....

Your spell library contained the following spells:

 Spells                   Type           Power        Failure   Level  Hunger
 Ice Form                 Ice/Tmut       #.......     71%         4    #####..
 Blade Hands              Tmut           ##........   82%         5    ######.


Dungeon Overview and Level Annotations

Branches:
Dungeon (3/15)

Altars:
Ashenzari
Fedhas
Okawaru
Trog
Vehumet


Innate Abilities, Weirdness & Mutations

You cannot wear most types of armour.
You are very stealthy in the water. (Stealth+)
You are amphibious.
You can wear up to eight rings at the same time.
You can use your tentacles to constrict eight enemies at once.
Your skin changes colour to match your surroundings (Stealth+).
Your rubbery body absorbs attacks. (AC +1, EV +1)


Message History

The magic dart hits you.
* * * LOW HITPOINT WARNING * * *
You miss something.
Your tentacle spike misses something.
Something hits you.
* * * LOW HITPOINT WARNING * * *
You miss something. Something hits you but does no damage.
You miss something.
Your tentacle spike misses something.
You squeeze something! Something hits you.
* * * LOW HITPOINT WARNING * * *
You miss something. You barely miss something.
Your tentacle spike disappears.
Something hits you but does no damage.
You barely miss something. Your squeeze misses something. Something hits you.
* * * LOW HITPOINT WARNING * * *
You tentacle-slap something but do no damage.
Your squeeze misses something.
You hear some strange, mumbled words.
A puff of flame appears from out of thin air!
The puff of flame hits you.
You die...

#...#.#.#...รท....>#
# #.#.#.#.#.......#.#
#.#.#.#.#.#.......#.#
#.#...#.#.#..####.#.#
#.#.......#.#..#
#.#.#
#...........#.##
#.#.#
.......###......#
#.#.#
..........#{#####
#.#.#
###.#####..@######
#.#.# #
.......[[....####.#.#
######..####........#
##.# #........# #..
#........# ##.
#........# ..
#..).....# #.
#........####
#.##......#.....


There were no monsters in sight!

Vanquished Creatures
  A centaur skeleton (D:2)
  An adder (D:2)
  3 worms
  6 dart slugs
  A leopard gecko (D:2)
  5 orcs (D:3)
  4 giant cockroaches (D:2)
  6 goblins
  5 hobgoblins
  5 jackals
  10 bats
  6 frilled lizards
  6 kobolds
  10 rats
69 creatures vanquished.

Notes
Turn   | Place    | Note
-------+----------+-------------------------------------------
     0 | D:1      | H0rd4k the Octopode Transmuter began the quest for the Orb.
     0 | D:1      | Reached XP level 1. HP: 13/13 MP: 3/3
   191 | D:1      | Reached XP level 2. HP: 18/18 MP: 5/5
   648 | D:1      | Reached XP level 3. HP: 23/23 MP: 6/6
   652 | D:1      | Learned a level 2 spell: Sticks to Snakes
   656 | D:1      | Learned a level 3 spell: Spider Form
  1311 | D:2      | Reached skill level 1 in Stealth
  1311 | D:2      | Reached XP level 4. HP: 15/28 MP: 5/7
  1463 | D:2      | Found an iron altar of Okawaru.
  1657 | D:2      | Found a bloodstained altar of Trog.
  1718 | D:2      | Found a blossoming altar of Fedhas.
  1877 | D:2      | Found a shattered altar of Ashenzari.
  2103 | D:2      | Found a radiant altar of Vehumet.
  2256 | D:3      | Reached XP level 5. HP: 33/33 MP: 6/8
  2272 | D:3      | Found a blossoming altar of Fedhas.
  2500 | D:3      | HP: 1/33 [something (2)]
  2501 | D:3      | Killed from afar by an orc wizard

Illustrated notes

Levels and vault maps discovered:
D:1:      evilmike_arrival_home_sweet_home, layout_basic
D:2:      minmay_chambers_of_ones, layout_rooms, nicolae_overflow_crystal_walls,
          bloody_trog, vehumet_crystals, lemuel_doored_altar,
          lemuel_round_altar, minmay_cupped
D:3:      minmay_bubble_buster, layout_basic, overflow_temple_1_default,
          minmay_misc_feat_more_columns, fedhas_altar_3

Skill      XL: |  1  2  3  4  5 |
---------------+----------------+-----
Stealth        | 1 2 |  2.2
Transmutations | 3 |  3.1
Fighting       | |  1.3
Dodging        | |  2.3
Unarmed Combat | |  3.9
Spellcasting   | |  2.6

Action                   |  1- 3 |  4- 6 || total
-------------------------+-------+-------++-------
Melee: Unarmed           |    72 |    89 ||   161
       Constrict         |    23 |    23 ||    46
       Tentacles         |    15 |    14 ||    29
       Kick              |     2 |     8 ||    10
       Punch             |     2 |     1 ||     3
 Cast: Beastly Appendage |     1 |     4 ||     5
 Stab: Sleeping          |     5 |     9 ||    14
  Eat: Chunk             |     1 |     4 ||     5
Armor: Skin              |     8 |     9 ||    17
Dodge: Dodged            |    80 |    47 ||   127
